Map: Old Republic LE

Players

roy - Winner!

  • Race: Terran Terran

VOD

Have the link to the VOD?

Description

Time

  • Played on: May 29, 2026, 4:46 a.m.
  • Length: 7:51
Show
View Real Time Build Order
Export as new Build Order

roy Terran - Winner!

Build Orders:  

Get SALT Encoding   

  8  0:01  SCV  
  9  0:19  SCV  
  10  0:35  SCV  
  11  0:42  Supply Depot  
  11  0:52  SCV  
  12  1:09  SCV  
  13  1:16  Barracks  
  13  1:26  SCV  
  14  1:33  Refinery  
  14  1:43  SCV  
  15  2:00  SCV  
  15  2:04  Refinery  
  16  2:17  SCV  
  17  2:22  Marine  
  18  2:37  Orbital Command  
  18  2:47  Marine  
  19  2:56  Ghost Academy  
  19  3:14  Supply Depot  
  19  3:24  Barracks Tech Lab  
  19  3:28  SCV  
  20  3:41  Personal Cloaking  
  23  4:03  SCV  
  24  4:19  SCV  
  25  4:37  Unknown  
  25  4:38  Supply Depot  
  28  4:41  SCV  
  29  5:15  SCV  
  29  5:17  Unknown  
  33  5:37  SCV  
  34  5:41  Command Center  
  34  5:54  SCV  
  34  5:57  Unknown  
  34  5:59  Supply Depot  
  35  6:07  Marine  
  36  6:13  SCV  
  36  6:18  Factory  
  37  6:30  SCV  
  37  6:32  Marine  
  37  6:36  Supply Depot  
  39  6:44  Engineering Bay  
  39  6:47  SCV  
  40  7:04  SCV  
  41  7:12  Marine  
  42  7:21  SCV  
  42  7:22  Factory Tech Lab  
Tags
 
Add a new tag
Caveats
  • Supply blocks, unpowered buildings, or Contaminate may cause inaccurate times.
  • Supply counts are checked every 10 seconds.